 Dungeon Crawl Stone Soup version 0.18.1-5-g4a78601 (webtiles) character file.

516 richardnixon the Cleaver (level 7, -1/57 HPs)
             Began as a Hill Orc Fighter on May 12, 2016.
             Was an Initiate of Okawaru.
             Slain by an ice beast (5 damage)
             ... on level 6 of the Dungeon.
             The game lasted 00:09:11 (4523 turns).

richardnixon the Cleaver (Hill Orc Fighter)         Turns: 4523, Time: 00:09:12

Health: -1/57      AC:  8    Str: 19    XL:     7   Next: 20%
Magic:  7/7        EV: 10    Int:  8    God:    Okawaru [......]
Gold:   319        SH:  0    Dex: 12    Spells: 0 memorised, 6 levels left

rFire  . . .     SeeInvis .     a - +0 war axe
rCold  + . .     Gourm    .     p - +0 ring mail {rC+}
rNeg   . . .     Faith    .     (no shield)
rPois  +         Spirit   .     m - +0 helmet
rElec  .         Dismiss  .     e - +0 cloak
rCorr  +         Reflect  .     (no gloves)
SustAt .         Harm     .     (no boots)
MR     .....                    s - amulet of inaccuracy (curse)
Stlth  +.........               v - ring of resist corrosion
                                u - ring of poison resistance

@: not resistant to hostile enchantments, very unstealthy
A: no striking features
a: Renounce Religion


You were on level 6 of the Dungeon.
You worshipped Okawaru.
Okawaru was noncommittal.
You were not hungry.

You visited 2 branches of the dungeon, and saw 7 of its levels.
You also visited: Sewer.

You collected 319 gold pieces.

Inventory:

Hand Weapons
 a - a +0 war axe (weapon)
 F - a +2 flail of holy wrath
Missiles
 o - a throwing net (quivered)
 x - 2 javelins
Armour
 b - a +0 scale mail
 c - a +0 shield
 e - a +0 cloak (worn)
 m - a +0 helmet (worn)
 p - a +0 ring mail of cold resistance (worn)
Jewellery
 s - a cursed amulet of inaccuracy (around neck)
 u - a ring of poison resistance (left hand)
 v - a ring of resist corrosion (right hand)
Wands
 d - a wand of slowing (10/48)
Scrolls
 i - 3 scrolls of identify {unknown}
 k - 2 scrolls of amnesia
 q - a scroll of remove curse {unknown}
 t - 2 scrolls of fear {unknown}
 y - a scroll of enchant weapon {unknown}
 z - a scroll of magic mapping {unknown}
 A - 3 scrolls of teleportation {unknown}
 D - a scroll of immolation {unknown}
 G - a scroll of noise {unknown}
Potions
 g - a potion of ambrosia {unknown}
 h - a potion of cancellation {unknown}
 j - a potion of cure mutation {unknown}
 l - a potion of beneficial mutation {unknown}
 n - 2 potions of curing
 r - a potion of brilliance {unknown}
 w - 3 potions of haste {unknown}
 B - a potion of heal wounds {unknown}
 C - 2 potions of flight {unknown}
 E - 2 potions of agility {unknown}
Comestibles
 f - 2 bread rations
 H - 9 chunks of flesh


   Skills:
 - Level 3.6 Fighting
 + Level 10.0 Axes
 - Level 3.2 Armour
 - Level 3.2 Shields


You had 6 spell levels left.
You didn't know any spells.

Dungeon Overview and Level Annotations

Branches:
Dungeon (6/15)             Temple (1/1) D:4

Altars:
Ashenzari
Cheibriados
Dithmenos
Fedhas
Gozag
Kikubaaqudgha
Nemelex Xobeh
Okawaru
Pakellas
Qazlal
Ru
Sif Muna
Trog
Xom
Yredelemnul
The Shining One

Annotations:
D:5 Dowan, Duvessa


Message History

The ice beast is severely wounded.
The ice beast hits you but does no damage. x2
You closely miss the ice beast.
The ice beast is severely wounded.
You closely miss the ice beast.
The ice beast is moderately wounded.
The ice beast hits you but does no damage.
The ice beast hits you.
* * * LOW HITPOINT WARNING * * *
The ice beast freezes you. You resist.
* * * LOW HITPOINT WARNING * * *
You miss the ice beast.
The ice beast is severely wounded.
You miss the ice beast.
The ice beast is moderately wounded.
The ice beast hits you but does no damage.
The ice beast hits you.
* * * LOW HITPOINT WARNING * * *
The ice beast freezes you. You resist.
You die...

########..
#........
#.......#
#.......#
#.......#
#.......#
#.......#
+.Y@Y...#
#.......#
#.......#
#..$....#
#.......#
#.......#
#.......#
#.......#


You could see 2 ice beasts.

Vanquished Creatures
  A crocodile (Sewer)
  A scorpion (D:4)
  2 orc priests (D:4)
  Terence (D:2)
  Jessica (D:2)
  Natasha (D:3)
  An orc wizard (D:4)
  A worker ant (D:4)
  9 adders
  2 adder skeletons (D:4)
  6 worms
  2 dart slugs (D:2)
  2 giant geckos
  7 orcs (D:4)
  A ball python (D:1)
  19 goblins
  4 hobgoblins
  4 jackals
  9 kobolds
  2 quokkas
  5 bats
  A giant cockroach zombie (D:5)
  2 giant gecko skeletons (D:4)
  6 giant newts
  7 rats
97 creatures vanquished.

Vanquished Creatures (others)
  Robin (D:2)
1 creature vanquished.

Grand Total: 98 creatures vanquished

Notes
Turn   | Place    | Note
--------------------------------------------------------------
     0 | D:1      | richardnixon the Hill Orc Fighter began the quest for the Orb.
     0 | D:1      | Reached XP level 1. HP: 19/19 MP: 1/1
    24 | D:1      | Reached skill level 3 in Axes
    50 | D:1      | Reached XP level 2. HP: 26/26 MP: 2/2
   114 | D:1      | Reached skill level 4 in Axes
   513 | D:1      | Reached XP level 3. HP: 31/31 MP: 3/3
   779 | D:2      | Reached skill level 5 in Axes
   934 | D:2      | Found an oddly glowing altar of Pakellas.
  1086 | D:2      | Noticed Terence
  1095 | D:2      | Killed Terence
  1095 | D:2      | Reached XP level 4. HP: 37/39 MP: 4/4
  1135 | D:2      | Found a shimmering altar of Xom.
  1135 | D:2      | Found a glowing golden altar of the Shining One.
  1142 | D:2      | Noticed Robin
  1144 | D:2      | Reached skill level 6 in Axes
  1153 | D:2      | Killed Robin
  1343 | D:2      | Reached XP level 5. HP: 40/45 MP: 5/5
  1451 | D:2      | Noticed Jessica
  1456 | D:2      | Killed Jessica
  1456 | D:2      | Reached skill level 7 in Axes
  2049 | D:3      | Noticed Natasha
  2059 | D:3      | Killed Natasha
  2326 | D:3      | Noticed an orc warrior
  2555 | D:4      | Reached skill level 8 in Axes
  2555 | D:4      | Reached XP level 6. HP: 48/51 MP: 6/6
  2686 | D:4      | Found a staircase to the Ecumenical Temple.
  2696 | Temple   | Entered the Ecumenical Temple
  2771 | Temple   | Became a worshipper of Warmaster Okawaru
  2835 | D:4      | Found a glowing drain.
  2854 | Sewer    | Entered a sewer
  2931 | Sewer    | Reached skill level 9 in Axes
  3501 | D:4      | Found a stormy altar of Qazlal.
  3590 | D:4      | Found a basalt altar of Yredelemnul.
  3594 | D:4      | Found a shattered altar of Ashenzari.
  3596 | D:4      | Found a snail-covered altar of Cheibriados.
  3597 | D:4      | Found a deep blue altar of Sif Muna.
  3598 | D:4      | Found a shadowy altar of Dithmenos.
  3650 | D:4      | Reached XP level 7. HP: 42/57 MP: 7/7
  4206 | D:5      | Entered Level 5 of the Dungeon
  4206 | D:5      | Noticed Duvessa
  4206 | D:5      | Noticed Dowan
  4431 | D:4      | Reached skill level 10 in Axes
  4523 | D:6      | Slain by an ice beast

Skill      XL: |  1  2  3  4  5  6  7 |
---------------+----------------------+-----
Axes           | 3 4 5 6 8 9 10 | 10.0
Fighting       | |  3.6
Armour         | |  3.2
Shields        | |  3.2

Action                   |  1- 3 |  4- 6 |  7- 9 || total
-------------------------+-------+-------+-------++-------
Melee: War axe           |   103 |   179 |    68 ||   350
  Use: Scroll            |       |     3 |       ||     3
       Potion            |       |     1 |       ||     1
  Eat: Chunk             |     1 |     7 |       ||     8
       Bread ration      |       |       |     1 ||     1
Armor: Scale mail        |    55 |       |       ||    55
       Ring mail         |       |    95 |    36 ||   131
Dodge: Dodged            |    46 |    87 |    38 ||   171
